[Event "Titled Tuesday Blitz September 21 2021"]
[White "Srihari L R"]
[Black "Agibileg, Uurtsaikh"]
[WhiteFideId "46617116"]
[BlackFideId "4901606"]
[WhiteElo "2121"]
[BlackElo "2204"]
[Result "1-0"]
[Round "06"]
[TimeControl "180+1"]
[Date "2021.09.21"]
[WhiteClock "0:00:10"]
[BlackClock "0:00:03"]

1. d4 Nf6 2. Bg5 c5 3. Nc3 cxd4 4. Qxd4 Nc6 5. Qh4 Qb6 6. O-O-O h6 7. Bxf6 gxf6 8. Nd5 Qa5 9. a3 d6 10. e4 Be6 11. Nf3 O-O-O 12. Nf4 Bd7 13. Bc4 e6 14. Ne2 Be7 15. Bb3 Kb8 16. Ned4 Rc8 17. Nxc6+ Bxc6 18. Kb1 Rc7 19. Nd4 Qg5 20. Nxc6+ Rxc6 21. Qh3 Rhc8 22. g3 Bf8 23. f4 Qc5 24. f5 Re8 25. Qh5 Re7 26. Rhf1 a5 27. Qg4 Qe5 28. Qg8 Rc8 29. Qh8 Rec7 30. fxe6 fxe6 31. Qxf6 Bg7 32. Qxe5 Bxe5 33. Rf2 Re7 34. Rdf1 b5 35. Rf7 Rcc7 36. Rxe7 Rxe7 37. Rf8+ Kb7 38. a4 bxa4 39. Bxa4 Kb6 40. Bb3 Kc5 41. Ra8 Kd4 42. Rxa5 Kxe4 43. Ra4+ Ke3 44. Rh4 Bg7 45. c3 e5 46. Bd5 Re8 47. Kc2 Rf8 48. Re4+ Kf2 49. Rg4 Bf6 50. h4 Kg1 51. Rg6 h5 52. b4 Kf2 53. b5 Be7 54. b6 Bd8 55. b7 Bc7 56. Kb3 Bb8 57. Kb4 Ke3 58. Kb5 Kd3 59. c4 Kd4 60. Re6 Rf1 61. Re8 Rb1+ 62. Kc6 Ba7 63. Ra8 Rb6+ 64. Kc7 Ra6 65. Rxa7 Rxa7 66. Kxd6 Rxb7 67. Bxb7 Kxc4 68. Kxe5 Kc5 69. Bf3 Kb6 70. Bxh5 Kc7 71. Kf6 Kd8 72. Kg7 1-0


[Site "https://www.chess.com"]

[Event "Titled Tuesday Blitz September 21 2021"]
[White "Suarez Gomez, Julio"]
[Black "Herrera Reyes, Jose Antonio"]
[WhiteFideId "22275991"]
[BlackFideId "2274914"]
[WhiteElo "2376"]
[BlackElo "2361"]
[Result "1-0"]
[Round "06"]
[TimeControl "180+1"]
[Date "2021.09.21"]
[WhiteClock "0:01:05"]
[BlackClock "0:00:26"]

1. e4 c5 2. Ne2 e6 3. g3 b6 4. Bg2 Bb7 5. d4 cxd4 6. Nxd4 a6 7. O-O Qc8 8. Re1 d6 9. Nc3 Nf6 10. a4 Nbd7 11. g4 h6 12. h3 Be7 13. Nd5 exd5 14. exd5 Ne5 15. Nf5 g5 16. b3 Nfd7 17. Ba3 Qc7 18. a5 b5 19. Rc1 Kf8 20. c4 bxc4 21. bxc4 Qxa5 22. Bxd6 Bxd6 23. Nxd6 Rb8 24. c5 Qb4 25. Nxb7 Rxb7 26. c6 Rb6 27. c7 Kg7 28. c8=Q Rxc8 29. Rxc8 Ng6 30. Qa1+ Kh7 31. Be4 Rf6 32. Bxg6+ Kxg6 33. Ree8 1-0


[Site "https://www.chess.com"]

[Event "Titled Tuesday Blitz September 21 2021"]
[White "Tang, Andrew"]
[Black "Kollars, Dmitrij"]
[WhiteFideId "2059630"]
[BlackFideId "12909572"]
[WhiteElo "2588"]
[BlackElo "2584"]
[Result "1-0"]
[Round "06"]
[TimeControl "180+1"]
[Date "2021.09.21"]
[WhiteClock "0:00:06"]
[BlackClock "0:00:14"]

1. d4 d5 2. Nf3 Nf6 3. Bf4 c5 4. e3 Nc6 5. Nbd2 Bg4 6. c3 e6 7. Qb3 Qc8 8. h3 Bxf3 9. Nxf3 c4 10. Qc2 Be7 11. Be2 b5 12. O-O O-O 13. Nd2 Qd7 14. e4 dxe4 15. Nxe4 Nxe4 16. Qxe4 Bd6 17. d5 Bxf4 18. dxc6 Qc7 19. a4 a6 20. b3 cxb3 21. axb5 axb5 22. Rab1 Ra3 23. Bxb5 Rb8 24. c4 Rd8 25. Qf3 Bh2+ 26. Kh1 Qf4 27. Qc3 Qc7 28. g3 Bxg3 29. Qxg3 e5 30. Rxb3 Ra2 31. Rd3 f6 32. Rd7 Rxd7 33. cxd7 Qb7+ 34. Qg2 Qb8 35. Qd5+ 1-0


[Site "https://www.chess.com"]

[Event "Titled Tuesday Blitz September 21 2021"]
[White "Thomas, Anysia"]
[Black "Manukyan, Sargis A."]
[WhiteFideId "670472"]
[BlackFideId "13303970"]
[WhiteElo "2004"]
[BlackElo "2187"]
[Result "1/2-1/2"]
[Round "06"]
[TimeControl "180+1"]
[Date "2021.09.21"]
[WhiteClock "0:00:12"]
[BlackClock "0:00:26"]

1. d4 d5 2. c4 e6 3. Nf3 Nf6 4. g3 Be7 5. Bg2 O-O 6. O-O dxc4 7. Ne5 Nc6 8. Bxc6 bxc6 9. Nxc6 Qe8 10. Nxe7+ Qxe7 11. Qa4 c5 12. Qa3 Nd7 13. Be3 Bb7 14. dxc5 Rfc8 15. Nd2 Bd5 16. Rac1 Ne5 17. Bd4 Nc6 18. Be3 Ne5 19. Bd4 Ng4 20. Nxc4 e5 21. Ne3 exd4 22. Nxd5 Qg5 23. Nf4 Rc6 24. Qf3 Rac8 25. b4 a6 26. h4 Qf5 27. Nd5 Qe6 28. Ne7+ Kh8 29. Nxc8 Qxc8 30. Rfd1 Rf6 31. Qg2 Nxf2 32. Qxf2 Rxf2 33. Kxf2 Qf5+ 34. Kg2 Qe4+ 35. Kf2 Qe3+ 36. Kf1 Qxg3 37. c6 Qh3+ 38. Kf2 Qxh4+ 39. Kf1 Qf4+ 40. Ke1 Qg3+ 41. Kf1 Qh3+ 42. Kg1 Qg4+ 43. Kf1 Qf4+ 44. Ke1 Qc7 45. a4 h5 46. b5 axb5 47. axb5 h4 48. b6 Qg3+ 49. Kd2 Qe3+ 50. Ke1 Qg1+ 51. Kd2 Qe3+ 52. Ke1 h3 53. c7 Qg3+ 54. Kd2 Qe3+ 55. Ke1 Qg3+ 56. Kd2 Qg5+ 57. Ke1 Qh4+ 58. Kd2 Qh6+ 59. Ke1 Qh4+ 60. Kd2 Qg5+ 61. Kc2 Qc5+ 62. Kd2 Qa5+ 63. Kd3 Qf5+ 64. Kxd4 Qf6+ 65. Ke3 Qxb6+ 66. Kf3 Qf6+ 67. Ke3 Qe6+ 68. Kf3 Qf5+ 69. Ke3 Qe5+ 70. Kd3 Qd6+ 71. Ke3 Qe5+ 72. Kf2 Qf4+ 73. Ke1 Qg3+ 74. Kd2 Qd6+ 75. Ke1 Qg3+ 76. Kd2 Qf4+ 77. Ke1 Qg3+ 1/2-1/2


[Site "https://www.chess.com"]

[Event "Titled Tuesday Blitz September 21 2021"]
[White "Timmermans, Mark"]
[Black "Manukyan, Artyom"]
[WhiteFideId "1026399"]
[BlackFideId "13305786"]
[WhiteElo "2460"]
[BlackElo "2034"]
[Result "1-0"]
[Round "06"]
[TimeControl "180+1"]
[Date "2021.09.21"]
[WhiteClock "0:01:08"]
[BlackClock "0:00:09"]

1. b4 Nf6 2. Bb2 e6 3. b5 Be7 4. c4 d5 5. a4 dxc4 6. e3 b6 7. Bxc4 Bb7 8. Nf3 O-O 9. O-O Nbd7 10. d4 a6 11. Nbd2 axb5 12. axb5 Ne4 13. Bd3 Ndf6 14. Ne5 Nxd2 15. Qxd2 Qd5 16. f3 Qb3 17. Bc3 Rxa1 18. Rxa1 Ra8 19. Rxa8+ Bxa8 20. e4 h6 21. Qc2 Qxc2 22. Bxc2 Kf8 23. Kf2 Bd6 24. Ke3 Bxe5 25. dxe5 Nd7 26. Bb4+ Kg8 27. f4 c6 28. bxc6 Bxc6 29. Kd4 g6 30. Bd3 Kg7 31. h4 h5 32. Be7 Kg8 33. Kc4 Kg7 34. Kb4 Kg8 35. Bb5 Nb8 36. Bd6 Bxb5 37. Kxb5 Nd7 38. Kc6 Nf8 39. Bxf8 Kxf8 40. Kxb6 Ke7 41. Kc7 Ke8 42. Kd6 Kd8 43. g3 Ke8 44. f5 gxf5 45. exf5 exf5 46. e6 Kf8 47. e7+ Ke8 48. Ke5 Kxe7 49. Kxf5 Kf8 50. Kg5 Kg7 51. Kxh5 f6 52. Kg4 Kg6 53. Kf4 Kg7 54. Kf5 Kf7 55. h5 Kg7 56. h6+ Kf7 57. h7 Kg7 58. h8=Q+ Kxh8 59. Kxf6 Kg8 60. g4 Kf8 61. g5 Kg8 62. Kg6 Kf8 63. Kh7 1-0


[Site "https://www.chess.com"]

[Event "Titled Tuesday Blitz September 21 2021"]
[White "Tristan, Leonardo"]
[Black "Estrada Nieto, Julian"]
[WhiteFideId "113816"]
[BlackFideId "5101018"]
[WhiteElo "2404"]
[BlackElo "2270"]
[Result "1-0"]
[Round "06"]
[TimeControl "180+1"]
[Date "2021.09.21"]
[WhiteClock "0:01:27"]
[BlackClock "0:00:12"]

1. d4 d5 2. Nf3 Nf6 3. Bf4 c5 4. e3 Nc6 5. Nbd2 cxd4 6. exd4 Bg4 7. c3 e6 8. Qb3 Qc8 9. Bd3 Be7 10. O-O Bh5 11. a4 O-O 12. a5 a6 13. Qc2 Bg6 14. Bxg6 hxg6 15. Qd3 Bd8 16. b4 Bc7 17. Bxc7 Qxc7 18. Rfe1 Rac8 19. Nb3 Ne4 20. Nfd2 Nxd2 21. Qxd2 Rfd8 22. Nc5 Ne7 23. g4 Ra8 24. Qg5 Nc8 25. Nxb7 Re8 26. Nc5 Nd6 27. Re3 Nc4 28. Rf3 e5 29. Qh4 Qe7 30. g5 1-0


[Site "https://www.chess.com"]

[Event "Titled Tuesday Blitz September 21 2021"]
[White "Tsaruk, Maksim"]
[Black "Goltsev, Dmitry"]
[WhiteFideId "13511173"]
[BlackFideId "24176710"]
[WhiteElo "2195"]
[BlackElo "2334"]
[Result "1-0"]
[Round "06"]
[TimeControl "180+1"]
[Date "2021.09.21"]
[WhiteClock "0:00:17"]
[BlackClock "0:01:26"]

1. e4 e6 2. d4 d5 3. Nd2 Nf6 4. e5 Nfd7 5. Bd3 c5 6. c3 Nc6 7. Ne2 a6 8. a3 b5 9. Nf3 h6 10. O-O Bb7 11. h4 Qb6 12. Be3 Rc8 13. Nf4 cxd4 14. cxd4 Na5 15. Qe2 Nc4 16. Kh2 Be7 17. b3 Na5 18. Qb2 g5 19. Nh5 b4 20. axb4 Bxb4 21. Bd2 g4 22. Bxb4 Qxb4 23. Qd2 Nc6 24. Qxb4 Nxb4 25. Ne1 Rc3 26. Be2 Rxb3 27. Bxg4 Rg8 28. Be2 Rb2 29. Bf3 Ke7 30. g3 Rc8 31. Nf4 Rc4 32. Ned3 Nxd3 33. Nxd3 Rb3 34. Be2 Rxd4 35. Rfb1 Rxb1 36. Rxb1 Bc6 37. Nb4 Ba4 38. Bxa6 Nc5 39. Bf1 Rd2 40. Kg1 Ne4 41. Nd3 Bc2 42. Rb2 Bxd3 43. Rxd2 Nxd2 44. Bxd3 Nf3+ 45. Kg2 Nxe5 46. Bb5 Kd6 47. f4 Ng4 48. Kf3 f5 49. Be8 Nf6 50. Bb5 d4 51. Ba6 Ne4 52. g4 Nd2+ 53. Ke2 Nb3 54. gxf5 exf5 55. Bd3 Ke6 56. Bc4+ Kf6 57. Bxb3 Kg6 58. Kf3 Kh5 59. Kg3 Kg6 60. Bd1 d3 61. Kf3 Kh5 62. Kg3+ Kg6 63. h5+ Kf6 64. Kf3 Ke6 65. Ke3 Kd5 66. Bb3+ Kc5 67. Kxd3 Kd6 68. Kd4 Ke7 69. Ke5 Kf8 70. Kxf5 Kg7 71. Bc2 Kh7 72. Kf6+ Kh8 73. Kg6 Kg8 74. Kxh6 Kh8 75. Kg6 Kg8 76. f5 Kh8 77. f6 Kg8 78. h6 Kh8 79. Ba4 Kg8 80. f7+ Kf8 81. h7 Ke7 82. h8=Q Ke6 83. f8=Q Kd5 84. Qh5+ Kc4 85. Qfc5+ Kd3 86. Qd1+ Ke4 87. Qcd5+ Kf4 88. Q1f3# 1-0


[Site "https://www.chess.com"]

[Event "Titled Tuesday Blitz September 21 2021"]
[White "Tsvetkov, Andrey"]
[Black "Kucuksari, Kaan"]
[WhiteFideId "34139360"]
[BlackFideId "6380166"]
[WhiteElo "2280"]
[BlackElo "2301"]
[Result "1-0"]
[Round "06"]
[TimeControl "180+1"]
[Date "2021.09.21"]
[WhiteClock "0:01:21"]
[BlackClock "0:00:17"]

1. d4 Nf6 2. c4 c6 3. Nf3 d5 4. g3 g6 5. Bg2 Bg7 6. b3 dxc4 7. bxc4 c5 8. Bb2 cxd4 9. O-O O-O 10. Nxd4 Nfd7 11. Nd2 Nc5 12. N2b3 Nba6 13. e3 Bd7 14. Qe2 Qc8 15. Rfd1 Bh3 16. Bf3 Na4 17. Na5 Nxb2 18. Qxb2 Nc5 19. Bxb7 Nxb7 20. Qxb7 Qc5 21. Nac6 Bf6 22. Qb5 Qa3 23. Rab1 Qxa2 24. Ra1 a6 25. Qb4 a5 26. Qb5 Qxa1 27. Rxa1 Bd7 28. Nxe7+ Bxe7 29. Qxd7 Bf6 30. Qc6 Bg7 31. Ra4 h5 32. Qd5 Rfd8 33. Rxa5 Rac8 34. Qb5 Rb8 35. Qa4 Rb1+ 36. Kg2 Rc1 37. Ra8 Rxa8 38. Qxa8+ Kh7 39. Qd5 1-0


[Site "https://www.chess.com"]

[Event "Titled Tuesday Blitz September 21 2021"]
[White "Turzo, Attila"]
[Black "Solon, Nathan"]
[WhiteFideId "704954"]
[BlackFideId "2017229"]
[WhiteElo "2488"]
[BlackElo "2688"]
[Result "0-1"]
[Round "06"]
[TimeControl "180+1"]
[Date "2021.09.21"]
[WhiteClock "0:00:04"]
[BlackClock "0:00:18"]

1. d4 Nf6 2. c4 e6 3. Nf3 d5 4. Nc3 Bb4 5. cxd5 exd5 6. Bg5 h6 7. Bh4 O-O 8. Qc2 c5 9. e3 Nc6 10. O-O-O Bxc3 11. Qxc3 c4 12. Kb1 g5 13. Bg3 Ne4 14. Qe1 Bf5 15. Ka1 Qb6 16. Rc1 Nb4 17. Qd1 Qa5 18. a3 Rac8 19. Nd2 c3 20. Nxe4 Bxe4 21. Qb3 cxb2+ 22. Qxb2 Rxc1+ 23. Qxc1 Nc2+ 24. Ka2 Rc8 25. Bd6 Rc6 26. f3 Bg6 27. e4 Nxd4 28. Qe3 Nc2 29. Qb3 dxe4 0-1


[Site "https://www.chess.com"]

[Event "Titled Tuesday Blitz September 21 2021"]
[White "Vakhlamov, Igor L."]
[Black "Nazaretyan, Tigran"]
[WhiteFideId "24126748"]
[BlackFideId "24162345"]
[WhiteElo "2416"]
[BlackElo "2212"]
[Result "1-0"]
[Round "06"]
[TimeControl "180+1"]
[Date "2021.09.21"]
[WhiteClock "0:00:23"]
[BlackClock "0:00:20"]

1. e4 c5 2. Nf3 Nc6 3. Nc3 d6 4. Bb5 e5 5. O-O g6 6. Nd5 Bg7 7. d3 a6 8. Ba4 b5 9. Bb3 Nce7 10. Ng5 Nh6 11. f4 exf4 12. Bxf4 O-O 13. c3 Ra7 14. a4 b4 15. Qd2 Nxd5 16. Bxd5 bxc3 17. bxc3 Ng4 18. Rab1 h6 19. Nf3 g5 20. Bg3 Be6 21. c4 Bxd5 22. cxd5 f5 23. h3 f4 24. hxg4 fxg3 25. Qe1 Qd7 26. Qxg3 Rf4 27. a5 Rxg4 28. Qh3 Rf4 29. Rb8+ Bf8 30. Qxh6 Qg7 31. Qxg5 Raf7 32. Qxg7+ Kxg7 33. Rb6 c4 34. dxc4 Rxe4 35. Ng5 Rxf1+ 36. Kxf1 Rxc4 37. Ne6+ Kf7 38. Rxa6 Rc1+ 39. Ke2 Rc2+ 40. Kf3 Rc3+ 41. Ke4 Rg3 42. Ra7+ Be7 43. Nd8+ Kf6 44. Nc6 Bf8 45. a6 Rxg2 46. Ra8 Bh6 47. a7 Ra2 48. Rh8 Bg7 49. a8=Q Rxa8 50. Rxa8 Bh6 51. Re8 Bf8 52. Re6+ Kf7 53. Nd4 Be7 54. Nf5 Bf8 55. Nxd6+ Kg7 56. Nf5+ Kf7 57. Nd4 Kg7 58. Nc6 Kf7 59. Ne5+ Kg7 60. Kf5 Ba3 61. d6 Bxd6 62. Rxd6 Kf8 63. Kf6 Ke8 64. Rd5 1-0


[Site "https://www.chess.com"]

[Event "Titled Tuesday Blitz September 21 2021"]
[White "Vivas Zamora, Fabian Ernesto"]
[Black "De Silva, L M S T"]
[WhiteFideId "3902480"]
[BlackFideId "9953698"]
[WhiteElo "1966"]
[BlackElo "1621"]
[Result "0-1"]
[Round "06"]
[TimeControl "180+1"]
[Date "2021.09.21"]
[WhiteClock "0:00:01"]
[BlackClock "0:01:46"]

1. c4 e5 2. Nc3 Nf6 3. Nf3 Nc6 4. e4 Bc5 5. Nxe5 Nxe5 6. d4 Bb4 7. dxe5 Nxe4 8. Qf3 Nxc3 9. bxc3 Ba5 10. Bf4 O-O 11. O-O-O Qe7 12. Kb2 c6 13. Bd3 f5 14. h4 Bb6 15. g4 fxg4 16. Qe4 g6 17. h5 d5 18. cxd5 cxd5 19. Qxd5+ Be6 20. Qe4 Rxf4 21. Qxf4 Rf8 22. Qb4 Rxf2+ 23. Kb1 Bc5 24. Qe4 Qc7 25. Bb5 Qa5 0-1


[Site "https://www.chess.com"]

[Event "Titled Tuesday Blitz September 21 2021"]
[White "Vokhidov, Shamsiddin"]
[Black "Sjugirov, Sanan"]
[WhiteFideId "14204223"]
[BlackFideId "4189302"]
[WhiteElo "2616"]
[BlackElo "2654"]
[Result "1/2-1/2"]
[Round "06"]
[TimeControl "180+1"]
[Date "2021.09.21"]
[WhiteClock "0:00:24"]
[BlackClock "0:00:03"]

1. e4 c5 2. Nf3 Nc6 3. Bb5 e6 4. Bxc6 bxc6 5. d3 Qc7 6. Nbd2 Ne7 7. h4 h5 8. e5 Nf5 9. Ne4 d5 10. exd6 Bxd6 11. Nxd6+ Qxd6 12. Qe2 f6 13. Be3 e5 14. O-O-O Be6 15. c4 Rb8 16. Nd2 Nd4 17. Qe1 Bf5 18. Bxd4 cxd4 19. Ne4 Qe7 20. f4 O-O 21. fxe5 Qxe5 22. Rf1 Bg4 23. Rd2 Rfe8 24. Qg3 Qa5 25. a3 Rb3 26. Qd6 Qe5 27. Rxf6 gxf6 28. Nxf6+ Kg7 29. Nxe8+ Qxe8 30. Qxd4+ Kh7 31. Qxa7+ Kg6 32. Qc5 Qe1+ 33. Kc2 Rxb2+ 34. Kxb2 Qxd2+ 35. Ka1 Qc3+ 36. Ka2 Qc2+ 37. Ka1 Qd1+ 38. Kb2 Qd2+ 39. Ka1 Qe1+ 40. Kb2 Qe2+ 41. Kc3 Qe1+ 42. Kb2 Qd2+ 1/2-1/2


[Site "https://www.chess.com"]

[Event "Titled Tuesday Blitz September 21 2021"]
[White "Warmerdam, Max"]
[Black "Swicarz, Maciej"]
[WhiteFideId "1048104"]
[BlackFideId "1113585"]
[WhiteElo "2537"]
[BlackElo "2153"]
[Result "1-0"]
[Round "06"]
[TimeControl "180+1"]
[Date "2021.09.21"]
[WhiteClock "0:01:40"]
[BlackClock "0:00:29"]

1. e4 c6 2. d4 d5 3. e5 c5 4. Nf3 Nc6 5. dxc5 Bg4 6. c3 e6 7. Be3 Bxf3 8. Qxf3 Nxe5 9. Bb5+ Nc6 10. c4 Nf6 11. Nc3 a6 12. Ba4 Qa5 13. a3 Rd8 14. b4 Qc7 15. cxd5 Nxd5 16. Nxd5 Rxd5 17. O-O Be7 18. Rad1 Rxd1 19. Rxd1 O-O 20. Qg3 Qxg3 21. hxg3 Rd8 22. Rxd8+ Bxd8 23. Kf1 Bf6 24. Bc1 Kf8 25. Bc2 g6 26. Be4 Ke7 27. Ke2 h5 28. Kd3 Ne5+ 29. Kc2 Nc6 30. Kb3 Kd7 31. f3 Be5 32. f4 Bd4 33. a4 Bf2 34. b5 axb5 35. axb5 Nd8 36. Kc4 Bxg3 37. Be3 Kc7 38. Bf3 Be1 39. b6+ Kc8 40. Kb5 Bg3 41. Be4 Be1 42. Bd4 Bd2 43. Be5 Bc1 44. Bc7 h4 45. Bxd8 Kxd8 46. Bxb7 Bxf4 47. Bf3 g5 48. Ka6 f5 49. Kb7 g4 50. c6 gxf3 51. c7+ Ke7 52. gxf3 h3 53. c8=Q h2 54. Qh8 Kd6 55. Qd4+ Ke7 56. Qh8 Kd6 57. Kc8 Kd5 58. b7 Kc4 59. b8=Q Bxb8 60. Kxb8 Kd3 61. Qxh2 Ke3 62. Qe5+ Kxf3 63. Qxe6 f4 64. Kc7 Kg2 65. Qg4+ 1-0


[Site "https://www.chess.com"]

[Event "Titled Tuesday Blitz September 21 2021"]
[White "Weetik, Vjacheslav"]
[Black "Bacrot, Etienne"]
[WhiteFideId "4153472"]
[BlackFideId "605506"]
[WhiteElo "2469"]
[BlackElo "2673"]
[Result "0-1"]
[Round "06"]
[TimeControl "180+1"]
[Date "2021.09.21"]
[WhiteClock "0:00:01"]
[BlackClock "0:00:15"]

1. d4 Nf6 2. Bf4 d6 3. Nf3 g6 4. Nc3 Bf5 5. h3 h5 6. Ng5 d5 7. f3 Bh6 8. Qd2 Nc6 9. O-O-O Qd7 10. e4 dxe4 11. d5 e3 12. Qxe3 a6 13. dxc6 Qxc6 14. Bd3 Bxd3 15. Rxd3 O-O 16. g4 b5 17. Nce4 Nd5 18. Rxd5 Qxd5 19. Kb1 Rad8 20. a3 f6 21. Nc3 Qd4 22. Qe6+ Kh8 23. Nce4 Bxg5 24. Bxg5 fxg5 25. Qxg6 Qg7 26. Qxh5+ Kg8 27. Qxg5 Qxg5 28. Nxg5 Rd5 29. h4 Rfd8 30. Kc1 Re5 31. Ne4 Rf8 32. Rh3 a5 33. Kd2 b4 34. axb4 axb4 35. Ke3 Rf6 36. h5 Rc6 37. Rh2 Ra5 38. g5 Ra2 39. g6 Rxb2 40. Kd3 b3 0-1


[Site "https://www.chess.com"]

[Event "Titled Tuesday Blitz September 21 2021"]
[White "Williams, Simon K"]
[Black "Melikhov, Evgeny V."]
[WhiteFideId "404454"]
[BlackFideId "4122046"]
[WhiteElo "2468"]
[BlackElo "1927"]
[Result "1-0"]
[Round "06"]
[TimeControl "180+1"]
[Date "2021.09.21"]
[WhiteClock "0:00:19"]
[BlackClock "0:00:22"]

1. e4 e5 2. f4 Bc5 3. Nf3 d6 4. Nc3 Nf6 5. Bc4 Nc6 6. d3 O-O 7. Na4 Bb6 8. Nxb6 axb6 9. O-O Bg4 10. h3 Bxf3 11. Qxf3 Nd4 12. Qf2 b5 13. Bb3 Nxb3 14. cxb3 exf4 15. Bxf4 Nd7 16. d4 Qe7 17. Rfe1 Rfe8 18. a3 c5 19. Rad1 c4 20. bxc4 bxc4 21. Qg3 Ra6 22. Qc3 b5 23. Qb4 Rb6 24. b3 cxb3 25. Qxb3 Nf6 26. Bg5 h6 27. Bxf6 Qxf6 28. Qd5 Qe6 29. Qxe6 Rxe6 30. Rb1 Ra6 31. Rxb5 Rxa3 32. d5 Re5 33. Rb6 Ra4 34. Rxd6 Raxe4 35. Rxe4 Rxe4 36. Kf2 f5 37. Rd7 f4 38. Kf3 Rd4 39. h4 g5 40. h5 Kh8 41. Kg4 Kg8 42. Kf5 Kf8 43. Ke5 Rd2 44. Rh7 g4 45. Rxh6 f3 46. gxf3 gxf3 47. Rf6+ Ke7 48. Rxf3 Rh2 49. Rf5 Re2+ 50. Kf4 Kd6 51. Kg5 Rg2+ 52. Kf6 Rh2 53. Kg6 Rg2+ 54. Rg5 Rh2 55. h6 Ke7 56. Kg7 Rf2 57. h7 Rf7+ 58. Kh6 Rf6+ 59. Rg6 1-0


[Site "https://www.chess.com"]

[Event "Titled Tuesday Blitz September 21 2021"]
[White "Yaksin, Oleg"]
[Black "Swapnil, S. Dhopade"]
[WhiteFideId "24105880"]
[BlackFideId "5019184"]
[WhiteElo "2310"]
[BlackElo "2402"]
[Result "1/2-1/2"]
[Round "06"]
[TimeControl "180+1"]
[Date "2021.09.21"]
[WhiteClock "0:00:06"]
[BlackClock "0:00:04"]

1. d4 Nf6 2. c4 c5 3. d5 b5 4. cxb5 a6 5. b6 e6 6. Nc3 Nxd5 7. Nxd5 exd5 8. Qxd5 Nc6 9. Nf3 Rb8 10. Bd2 Rxb6 11. e4 Be7 12. Bc4 O-O 13. O-O d6 14. b3 Be6 15. Qd3 Bf6 16. Rac1 a5 17. Bf4 Nd4 18. Nxd4 Bxd4 19. Be3 Bxe3 20. Qxe3 Re8 21. Rfd1 Qa8 22. Qd3 g6 23. f3 a4 24. Bxe6 Rxe6 25. Rc3 axb3 26. axb3 Qa2 27. Qd2 Qxd2 28. Rxd2 Kf8 29. Kf2 Re7 30. Rcd3 Re6 31. g4 g5 32. Rc2 Ke7 33. Rcc3 Kf6 34. Rd5 h6 35. Ke3 Re7 36. h3 Reb7 37. Rdd3 Ke6 38. Kd2 Ra7 39. Ke3 Ra1 40. Rd5 f6 41. Kf2 Rb1 42. Rdd3 Rb2+ 43. Kg3 Ra6 44. f4 Raa2 45. fxg5 hxg5 46. Rd5 Rg2+ 47. Kf3 Raf2+ 48. Ke3 Re2+ 49. Kf3 Ref2+ 50. Ke3 Rb2 51. Kf3 Rh2 52. Kg3 Rhe2 53. Kf3 Rf2+ 54. Kg3 Rg2+ 55. Kf3 Rbf2+ 1/2-1/2


[Site "https://www.chess.com"]

[Event "Titled Tuesday Blitz September 21 2021"]
[White "Yeletsky, Ivan"]
[Black "Machidon, Cristi"]
[WhiteFideId "24180327"]
[BlackFideId "13904590"]
[WhiteElo "2344"]
[BlackElo "2312"]
[Result "1-0"]
[Round "06"]
[TimeControl "180+1"]
[Date "2021.09.21"]
[WhiteClock "0:01:04"]
[BlackClock "0:00:09"]

1. c4 c6 2. Nf3 d5 3. g3 Nf6 4. Bg2 Bg4 5. Ne5 Bf5 6. cxd5 cxd5 7. Qb3 Nc6 8. Nxc6 bxc6 9. d3 e6 10. O-O Be7 11. e4 Bg6 12. Nc3 O-O 13. Rd1 Qb6 14. Qc2 Rfd8 15. Be3 Qa6 16. Na4 Rab8 17. b3 Nd7 18. Rac1 Rdc8 19. h4 Ba3 20. Rb1 h6 21. Bf4 Ra8 22. Bf3 Qb5 23. Be2 Nb6 24. Nc3 Qb4 25. Bd2 Qd6 26. Bf4 Qb4 27. Bc1 a5 28. Bxa3 Qxa3 29. h5 Bh7 30. Qd2 Rc7 31. Qe3 Rb8 32. Rbc1 Qb4 33. Nb5 Rcc8 34. Na7 dxe4 35. Nxc8 Nd5 36. Qc5 Rxc8 37. dxe4 Bxe4 38. Rd4 Qxc5 39. Rxc5 Bb1 40. Rxa5 Nc3 41. Bf3 Bxa2 42. Rc4 1-0


[Site "https://www.chess.com"]

[Event "Titled Tuesday Blitz September 21 2021"]
[White "Zaksaite, Salomeja"]
[Black "Stevens, Christian"]
[WhiteFideId "12801496"]
[BlackFideId "2604450"]
[WhiteElo "2002"]
[BlackElo "2528"]
[Result "1-0"]
[Round "06"]
[TimeControl "180+1"]
[Date "2021.09.21"]
[WhiteClock "0:00:04"]
[BlackClock "0:00:02"]

1. e4 c5 2. Nf3 e6 3. d4 cxd4 4. Nxd4 a6 5. Nc3 Qc7 6. Bd3 Bc5 7. Nb3 Be7 8. Qe2 d6 9. Bd2 Nf6 10. h4 Nc6 11. h5 h6 12. g4 Ne5 13. Rg1 Bd7 14. f4 Nxd3+ 15. cxd3 b5 16. g5 hxg5 17. fxg5 Nxh5 18. g6 Bh4+ 19. Kd1 fxg6 20. Qg4 g5 21. Bxg5 Nf6 22. Bxf6 Bxf6 23. Qg6+ Ke7 24. Rc1 Qb6 25. Re1 Rh6 26. Qg2 Rah8 27. e5 dxe5 28. Ne4 Rh2 29. Qg4 R8h4 30. Qg6 Rh6 31. Qg4 R2h4 32. Qg2 Rf4 33. Nxf6 Kxf6 34. Nc5 Bc6 35. Qg3 Qd8 36. Rg1 Bf3+ 37. Kd2 g6 38. Qg5+ 1-0


[Site "https://www.chess.com"]

[Event "Titled Tuesday Blitz September 21 2021"]
[White "Zubov, Alexander"]
[Black "Tanenbaum, Zachary"]
[WhiteFideId "14109409"]
[BlackFideId "2060850"]
[WhiteElo "2740"]
[BlackElo "2165"]
[Result "1-0"]
[Round "06"]
[TimeControl "180+1"]
[Date "2021.09.21"]
[WhiteClock "0:00:09"]
[BlackClock "0:00:02"]

1. d4 d5 2. c4 dxc4 3. e4 c5 4. d5 e6 5. Nc3 exd5 6. Nxd5 Nf6 7. Bxc4 Nxd5 8. Bxd5 Be7 9. Ne2 O-O 10. O-O Nd7 11. Nc3 Nf6 12. Bf4 Nxd5 13. exd5 Bf6 14. Qf3 Bxc3 15. bxc3 Bf5 16. Rad1 Qd7 17. h3 Rfe8 18. Qg3 Bg6 19. Rd2 Re4 20. Bb8 Re8 21. Bc7 Re4 22. Qd6 Qb5 23. Bd8 Qe8 24. Bg5 b6 25. Qc7 f6 26. Be3 Bf5 27. Qb7 Qc8 28. Qxc8+ Rxc8 29. Ra1 Ra4 30. f3 Ra3 31. Rc1 Rd8 32. Bf4 Ra4 33. Bc7 Re8 34. d6 Bd7 35. Kf2 Rf4 36. c4 Rf5 37. Rd3 Rfe5 38. Rd2 Kf7 39. Rc3 h5 40. Ra3 Ra8 41. Bxb6 Rb8 42. Rxa7 Ke6 43. Ba5 h4 44. Bc3 Rf5 45. Re2+ Kxd6 46. Rd2+ Ke6 47. Raxd7 Rf4 48. R2d6+ Kf5 49. Rxg7 Rxc4 50. Bd2 Rc2 51. a4 Rbb2 52. Rgd7 c4 53. Rd5+ Ke6 54. R5d6+ Ke5 55. Rd5+ Ke6 56. R7d6+ Ke7 57. Ke3 c3 58. a5 cxd2 59. Rxd2 Rc3+ 60. R6d3 Rxd3+ 61. Kxd3 Rb3+ 62. Kc4 Ra3 63. Kb5 Ke6 64. Rd4 Ke5 65. Rxh4 Ra2 66. a6 f5 67. Ra4 Rxg2 68. a7 1-0


[Site "https://www.chess.com"]

[Event "Titled Tuesday Blitz September 21 2021"]
[White "Akshat, Khamparia"]
[Black "Tomaszewski, Kacper"]
[WhiteFideId "5016541"]
[BlackFideId "1127373"]
[WhiteElo "2237"]
[BlackElo "2153"]
[Result "0-1"]
[Round "07"]
[TimeControl "180+1"]
[Date "2021.09.21"]
[WhiteClock "0:00:48"]
[BlackClock "0:01:16"]

1. d4 Nf6 2. c4 g6 3. Nc3 d5 4. Qb3 e6 5. cxd5 exd5 6. Bg5 c6 7. e4 dxe4 8. Bc4 Be7 9. Bxf7+ Kd7 10. Qe6+ Kc7 11. Qe5+ Qd6 12. O-O-O Rf8 13. Bb3 Ng8 14. Bh6 Nxh6 0-1


[Site "https://www.chess.com"]

[Event "Titled Tuesday Blitz September 21 2021"]
[White "Assaubayeva, Bibisara"]
[Black "Dolzhykova, Kateryna"]
[WhiteFideId "13708694"]
[BlackFideId "14113414"]
[WhiteElo "2232"]
[BlackElo "2180"]
[Result "0-1"]
[Round "07"]
[TimeControl "180+1"]
[Date "2021.09.21"]
[WhiteClock "0:01:31"]
[BlackClock "0:00:53"]

1. d4 Nf6 2. c4 e6 3. Nf3 d5 4. Nc3 Bb4 5. Qb3 c5 6. dxc5 Nc6 7. Bg5 d4 8. O-O-O e5 9. Ne4 O-O 10. e3 Bf5 11. Nxf6+ gxf6 12. Bh6 Bxc5 13. exd4 Nxd4 14. Nxd4 Bxd4 15. Bd3 Bg6 0-1


[Site "https://www.chess.com"]

[Event "Titled Tuesday Blitz September 21 2021"]
[White "Bach, Ngoc Thuy Duong"]
[Black "Seemann, Jakub"]
[WhiteFideId "12408956"]
[BlackFideId "21874697"]
[WhiteElo "1896"]
[BlackElo "1849"]
[Result "0-1"]
[Round "07"]
[TimeControl "180+1"]
[Date "2021.09.21"]
[WhiteClock "0:01:05"]
[BlackClock "0:02:00"]

1. d4 Nf6 2. c4 e6 3. Nc3 Bb4 4. Qc2 d5 5. cxd5 exd5 6. Bg5 O-O 7. e3 c6 8. Bd3 h6 9. Bh4 Be6 10. Ne2 Nbd7 11. O-O Bd6 12. Bg3 Bxg3 13. Nxg3 Qe7 14. f3 Rfe8 15. Rae1 Qd6 16. Nf5 Bxf5 17. Bxf5 b5 18. Qd3 Nb6 19. e4 dxe4 20. fxe4 Qb4 21. e5 Nfd5 22. Bh7+ Kh8 23. Rxf7 Qxb2 0-1


[Site "https://www.chess.com"]